 Dungeon Crawl Stone Soup version 0.17.2-1-ge4368a0 (webtiles) character file.

156 tidbits the Insei (level 4, -7/34 HPs)
             Began as a Demigod Transmuter on Sept 19, 2017.
             Killed by divine providence
             ... invoked by an orc priest
              (12 damage)
             ... on level 3 of the Dungeon.
             The game lasted 00:08:56 (1027 turns).

tidbits the Insei (Demigod Transmuter)              Turns: 1027, Time: 00:08:56

Health: -7/34      AC:  2    Str: 13    XL:     4   Next: 92%
Magic:  7/11       EV: 20    Int: 19    God:
Gold:   99         SH:  0    Dex: 21    Spells: 3 memorised, 3 levels left

rFire  . . .     SeeInvis .       - Unarmed
rCold  . . .     Clarity  .     (armour currently unavailable)
rNeg   . . .     SustAt   +     (shield currently unavailable)
rPois  x         Gourm    .     (helmet currently unavailable)
rElec  .         Spirit   .     (cloak currently unavailable)
rCorr  .         Warding  .     (gloves currently unavailable)
rMut   .         Stasis   .     (boots currently unavailable)
MR     .....                    (no amulet)
Stlth  ++........               (no ring)
                                (no ring)

@: spider-form (expiring), not resistant to hostile enchantments, unstealthy
A: high mp 1, sustain attributes
a: End Transformation


You were on level 3 of the Dungeon.
You were hungry.
You were a venomous arachnid creature.
You visited 1 branch of the dungeon, and saw 3 of its levels.
You also visited: Sewer.

You collected 99 gold pieces.

Inventory:

Hand Weapons
 a - a +3 dagger of venom (melded)
   (You found it in a sewer)
 k - a +0 mace
   (You took it off an orc on level 3 of the Dungeon)
 m - a +0 hunting sling
   (You found it on level 3 of the Dungeon)
Missiles
 f - 14 arrows
 n - a stone (quivered)
Armour
 b - a +0 robe (melded)
Scrolls
 e - a scroll of remove curse {unknown}
 h - 2 scrolls of identify {unknown}
 i - a scroll of fear {unknown}
 o - a scroll of fog {unknown}
Potions
 j - a potion of agility
 l - a potion of invisibility
Books
 c - a book of Changes

   Spells                             Type                      Level
   a - Beastly Appendage              Transmutation                1
   b - Sticks to Snakes               Transmutation                2
   c - Spider Form                    Transmutation/Poison         3
   d - Ice Form                       Ice/Transmutation            4
   e - Blade Hands                    Transmutation                5
Comestibles
 d - 3 bread rations
 g - 2 meat rations


   Skills:
 - Level 0.8 Fighting
 - Level 1.7 Dodging
 + Level 4.5 Unarmed Combat
 - Level 3.0 Spellcasting
 - Level 2.0 Transmutations


You had 3 spell levels left.
You knew the following spells:

 Your Spells              Type           Power        Failure   Level  Hunger
e - Beastly Appendage     Trmt           ##....       24%         1    None
k - Sticks to Snakes      Trmt           ##........   28%         2    ##.....
p - Spider Form           Trmt/Pois      #.........   56%         3    ###....


Dungeon Overview and Level Annotations

Branches:
Dungeon (3/15)


Innate Abilities, Weirdness & Mutations

You have an increased reservoir of magic (+10% MP).
Your attributes are resistant to harm.


Message History

The giant frog hits you.
Your ball python bites the giant frog.
Your ball python constricts the giant frog.
You sock the giant frog!
You kill the giant frog!
You swap places.
You see here a giant frog corpse.
You enter the shallow water.
Moving in this stuff is going to be slow.
You enter the shallow water.
Moving in this stuff is going to be slow.
Why would you want to do that?
Your ball python withers and dies!
You enter the shallow water.
Moving in this stuff is going to be slow.
Found a gate leading back out of this place.
Why would you want to do that? Why would you want to do that?
You enter the shallow water.
Moving in this stuff is going to be slow.
You now have 90 gold pieces (gained 12).
You feel a little less agile now.
h - 2 scrolls labeled MOIMAV VETHRIA (gained 1)
You now have 99 gold pieces (gained 9).
g - 2 meat rations (gained 1)
Your magical contamination has completely faded away.
You see here a glowing dagger.
f - a glowing dagger Wield which item (- for none, * to show all)? (? for menu, Esc to quit)
It begins to drip with poison!
f - a +3 dagger of venom (weapon)
Adjust (i)tems, (s)pells, or (a)bilities?
Adjust which item? (? for menu, Esc to quit)
f - a +3 dagger of venom (weapon)
Adjust to which letter? (? for menu, Esc to quit)
a - a +3 dagger of venom (weapon);
f - 15 arrows You enter the shallow water.
Moving in this stuff is going to be slow.
There is a gate leading back out of this place here.
Welcome back to the Dungeon!
There is a collapsed entrance here.
You enter the shallow water.
Moving in this stuff is going to be slow.
Found a scroll labeled KOUTUF ZOEB.
You enter the shallow water.
Moving in this stuff is going to be slow.
o - a scroll labeled KOUTUF ZOEB An orc priest comes into view.
It is wielding a club.
Throwing (i - inventory):
n - 2 stones (quivered)
Press: ? - help, Shift-Dir - straight line, f - orc priest
Aim: an orc priest, wielding a club and wearing a leather armour (resting)
You throw a stone.
The stone hits the orc priest but does no damage.
The orc priest shouts!
The orc priest miscasts a cantrip.
Casting: Sticks to Snakes
Confirm with . or Enter, or press ? or * to list all spells.
You turn into a venomous arachnid creature.
Your +3 dagger of venom melds into your body.
Your +0 robe melds into your body.
Your +3 dagger of venom stops dripping with poison.
You are feeling hungry.
Casting: Spider Form
Confirm with . or Enter, or press ? or * to list all spells.
You create a snake!
Your ball python bites something but does no damage.
Your ball python grabs something.
Your ball python constricts something.
Your transformation is almost over.
The orc priest struggles to escape constriction.
Your ball python bites the orc priest.
Your ball python constricts the orc priest.
You swap places.
Your ball python loses its grip on the orc priest.
The orc priest looks braver for a moment.
An orc comes into view. It is wielding a club.
You completely miss the orc priest.
The orc priest is lightly wounded.
The orc priest mumbles some strange prayers to Beogh against you.
Something smites you!
You hear a shout!
You hit the orc priest.
The orc priest is poisoned.
The orc priest is moderately wounded.
Your ball python bites the orc priest but does no damage.
Your ball python closely misses the orc priest.
The orc priest misses you.
An orc wizard comes into view. It is wielding a dagger.
You closely miss the orc priest.
The orc priest is heavily wounded.
Your ball python bites the orc priest but does no damage.
Your ball python barely misses the orc priest.
The orc priest invokes the aid of Beogh against you.
Pain shoots through your body!
* * * LOW HITPOINT WARNING * * *
You hit the orc priest.
The orc priest looks even sicker.
The orc priest is almost dead.
Your ball python barely misses the orc priest.
Your ball python grabs the orc priest.
Your ball python constricts the orc priest.
The orc priest mumbles some strange prayers to Beogh against you.
Something smites you!
You die...

### #.#.#
#.#.######.###
#.#.so..o.o..(
#...S#####.###
##.#.## ...#.#
###.#.#
##...#.#
#.##...≈≈##
#.##..≈≈≈#
#.##...#≈###


You could see an orc priest, an orc wizard, an orc and a friendly ball python.

Vanquished Creatures
  2 giant frogs (Sewer)
  3 adders
  A giant gecko (D:1)
  An orc (D:3)
  A bat (D:1)
  9 giant cockroaches
  2 hobgoblins
  4 ball pythons
  5 giant newts
  A goblin (D:1)
  3 jackals
  3 kobolds
  A rat (D:3)
36 creatures vanquished.

Vanquished Creatures (collateral kills)
  An ooze (D:1)
  A goblin (D:2)
  A giant newt (D:1)
3 creatures vanquished.

Grand Total: 39 creatures vanquished

Notes
Turn   | Place    | Note
--------------------------------------------------------------
     0 | D:1      | tidbits the Demigod Transmuter began the quest for the Orb.
     0 | D:1      | Reached XP level 1. HP: 15/15 MP: 5/5
   141 | D:1      | Reached skill level 2 in Spellcasting
   142 | D:1      | HP: 1/15 [kobold (1)]
   280 | D:1      | Reached XP level 2. HP: 7/22 MP: 7/7
   284 | D:1      | Learned a level 2 spell: Sticks to Snakes
   482 | D:3      | Found a white marble altar of Elyvilon.
   543 | D:3      | Reached skill level 3 in Spellcasting
   685 | D:3      | Found a glowing drain.
   692 | Sewer    | Entered a sewer
   700 | Sewer    | Reached XP level 3. HP: 17/27 MP: 8/10
   707 | Sewer    | Reached skill level 2 in Transmutations
   712 | Sewer    | Learned a level 3 spell: Spider Form
   752 | Sewer    | Reached skill level 3 in Unarmed Combat
   910 | Sewer    | Noticed a giant frog
   913 | Sewer    | Noticed a giant frog
   919 | Sewer    | HP: 1/27 [giant frog (7)]
   929 | Sewer    | Killed a giant frog
   929 | Sewer    | Reached skill level 4 in Unarmed Combat
   929 | Sewer    | Reached XP level 4. HP: 21/34 MP: 0/11
   931 | Sewer    | Killed a giant frog
  1027 | D:3      | Killed from afar by an orc priest

Action                   |  1- 3 |  4- 6 || total
-------------------------+-------+-------++-------
Melee: Unarmed           |    74 |     4 ||    78
       Mace              |    26 |     2 ||    28
Throw: Stone             |       |     1 ||     1
 Cast: Beastly Appendage |    13 |       ||    13
       Sticks to Snakes  |     7 |     1 ||     8
       Spider Form       |     5 |     1 ||     6
  Use: Potion            |     3 |       ||     3
 Stab: Sleeping          |     1 |       ||     1
       Distracted        |     1 |       ||     1
       Invisible         |     4 |       ||     4
  Eat: Chunk             |     2 |       ||     2

Table legend:
 A = Turns spent in this place as a percentage of turns spent in the entire game.
 B = Non-inter-level travel turns spent in this place as a percentage of non-inter-level travel turns spent in the entire game.
 C = Inter-level travel turns spent in this place as a percentage of turns spent in this place.
 D = Turns resting spent in this place as a percentage of non-inter-level travel turns spent in this place.
 E = Turns spent auto-exploring this place as a percentage of non-inter-level travel turns spent in this place.
 F = Non-inter-level travel turns spent in this place divided by the number of levels of this place that you've seen.
                   A       B       C       D       E      F
               +-------+-------+-------+-------+-------+----------------------
         Total | 100.0 | 100.0 |   0.1 |   0.2 |   0.0 | 234.2
       Dungeon |  69.2 |  69.2 |   0.2 |   0.3 |   0.0 | 216.0
         Sewer |  30.8 |  30.8 |   0.0 |   0.0 |   0.0 | 289.0
               +-------+-------+-------+-------+-------+----------------------

Table legend:
 A = Kills in this place as a percentage of kills in entire the game.
 B = Kills by you in this place as a percentage of kills by you in the entire game.
 C = Kills by friends in this place as a percentage of kills by friends in the entire game.
 D = Other kills in this place as a percentage of other kills in the entire game.
 E = Experience gained in this place as a percentage of experience gained in the entire game.
 F = Experience gained in this place divided by the number of levels of this place that you have seen.
                   A       B       C       D       E      F
               +-------+-------+-------+-------+-------+----------------------
         Total | 100.0 | 100.0 | 100.0 |  -nan | 100.0 |  56.0
       Dungeon |  53.8 |  50.0 | 100.0 |  -nan |  21.0 |  15.7
         Sewer |  46.2 |  50.0 |   0.0 |  -nan |  79.0 | 177.0
               +-------+-------+-------+-------+-------+----------------------

Vault maps used:
D:1:      dpeg_arrival_another_circle
D:2:      lemuel_round_altar, old_standard_altar,
          grunt_temple_overflow_order_and_chaos_1,
          grunt_dithmenos_smoke_and_mirrors
D:3:      marbit_many_paths, lightli_sewer_entry_pipes, kennysheep_nub,
          minmay_misc_feat_secret_circle, uniq_grinder
Sewer:    sewer_frog_island_01
